TOP OF THE 1ST |
Kinston Eagles batting - Pitching for Salem Rebels : LHP John Roesch
|
Pitching: LHP John Roesch
|
|
Batting: SHB Ted Wilborn
|
0-0: Called Strike 0-1: Called Strike 0-2: Strikes out swinging
|
Batting: RHB Guadalupe Garcia
|
0-0: DOUBLE (Flyball, 89D, EV 110.0 MPH)
|
Batting: RHB Tony Incaviglia
|
0-0: Called Strike 0-1: Ball 1-1: Ball 2-1: Ball 3-1: Foul Ball, location: 2F 3-2: Strikes out swinging
|
Batting: RHB Elias Corona
|
0-0: Ball 1-0: Swinging Strike 1-1: Ball 2-1: Ground out 6-3 (Groundball, 6, EV 87.5 MPH)
|
Top of the 1st over - 0 runs, 1 hit, 0 errors, 1 left on base; Kinston 0 - Salem 0 |
BOTTOM OF THE 1ST |
Salem Rebels batting - Pitching for Kinston Eagles : RHP Adriano Calhau
|
Pitching: RHP Adriano Calhau
|
|
Batting: LHB John Gibbons
|
0-0: Foul Ball, location: 2F 0-1: Ball 1-1: Called Strike 1-2: Ball 2-2: Ball 3-2: Base on Balls
|
Batting: RHB Daniel Szajko
|
0-0: Foul Ball, location: 2F 0-1: Foul Ball, location: 2F 0-2: SINGLE (Line Drive, 8RS, EV 95.0 MPH) John Gibbons to second John Gibbons to third
|
Batting: LHB Thomas Krupa
|
0-0: Ball 1-0: Fielders Choice at 2nd, 4-6 (Groundball, 4, EV 86.9 MPH) John Gibbons scores
|
Batting: RHB Jorge Monroig
|
0-0: Called Strike 0-1: Ball 1-1: Called Strike 1-2: Ball 2-2: Strikes out swinging
|
Batting: RHB Robert O'Connor
|
0-0: Ball 1-0: Ball 2-0: Ball 3-0: Base on Balls Thomas Krupa to second
|
Batting: RHB Melvin Williams
|
0-0: Called Strike 0-1: Called Strike 0-2: Foul Ball, location: 2F 0-2: Foul Ball, location: 2F 0-2: Foul Ball, location: 2F 0-2: Ball 1-2: Ball 2-2: Fly out, F7 (Line Drive, 7S, EV 86.3 MPH)
|
Bottom of the 1st over - 1 run, 1 hit, 0 errors, 2 left on base; Kinston 0 - Salem 1 |
TOP OF THE 2ND |
Kinston Eagles batting - Pitching for Salem Rebels : LHP John Roesch
|
Batting: RHB Juan Perez
|
0-0: Ball 1-0: Foul Ball, location: 2F 1-1: Ball 2-1: Ball 3-1: Swinging Strike 3-2: SOLO HOME RUN (Flyball, 78XD, EV 93.1 MPH), Distance : 418 ft
|
Batting: LHB Eric Peyton
|
0-0: Swinging Strike 0-1: Ball 1-1: Reached on error, E4 (Groundball, 4, EV 89.4 MPH)
|
Batting: RHB Burt Milley
|
0-0: Called Strike 0-1: Ball 1-1: Fly out, F6 (Popup, 6D, EV 46.3 MPH)
|
Batting: RHB Rodney Hudson
|
0-0: Called Strike Eric Peyton steals 2nd base 0-1: Ball 1-1: Foul Ball, location: 2F 1-2: Ball 2-2: Foul Ball, location: 2F 2-2: Ball 3-2: Ground out 5-3 (Groundball, 5, EV 101.3 MPH)
|
Batting: LHB Randall Curtis
|
0-0: Called Strike 0-1: Foul Ball, location: 2F 0-2: Ball 1-2: Ball 2-2: SINGLE (Groundball, 4D, EV 108.1 MPH) Eric Peyton to third Runner from 3rd tries for Home, SAFE, throw by RF to home Randall Curtis to second
|
Batting: SHB Ted Wilborn
|
0-0: Swinging Strike 0-1: Ball 1-1: Ball Wild Pitch! Randall Curtis to third 2-1: Fly out, F5 (Popup, 5DF, EV 51.3 MPH)
|
Top of the 2nd over - 2 runs, 2 hits, 1 error, 1 left on base; Kinston 2 - Salem 1 |
BOTTOM OF THE 2ND |
Salem Rebels batting - Pitching for Kinston Eagles : RHP Adriano Calhau
|
Batting: SHB Kelvin Hudson
|
0-0: DOUBLE (Flyball, 78D, EV 111.3 MPH)
|
Batting: RHB Gary Leslie
|
0-0: Called Strike 0-1: Foul Ball, location: 2F 0-2: Foul Ball, location: 2F 0-2: Foul Ball, location: 2F 0-2: Strikes out swinging
|
Batting: RHB Mark Krynitsky
|
0-0: Called Strike 0-1: Ground out 5-3 (Groundball, 56, EV 80.0 MPH)
|
Batting: LHB John Gibbons
|
0-0: Called Strike 0-1: Ball 1-1: Ball 2-1: Ball 3-1: Called Strike 3-2: Foul Ball, location: 2F 3-2: Base on Balls
|
Batting: RHB Daniel Szajko
|
0-0: Foul Ball, location: 2F 0-1: Foul Ball, location: 2F 0-2: Ball 1-2: Strikes out swinging
|
Bottom of the 2nd over - 0 runs, 1 hit, 0 errors, 2 left on base; Kinston 2 - Salem 1 |
TOP OF THE 3RD |
Kinston Eagles batting - Pitching for Salem Rebels : LHP John Roesch
|
Batting: RHB Guadalupe Garcia
|
0-0: Ball 1-0: SINGLE (Groundball, 6S, EV 69.4 MPH) (infield hit)
|
Batting: RHB Tony Incaviglia
|
0-0: Ball 1-0: Called Strike 1-1: Called Strike 1-2: Foul Ball, location: 2F 1-2: Ball 2-2: Ball 3-2: Base on Balls Guadalupe Garcia to second
|
Batting: RHB Elias Corona
|
0-0: Ball 1-0: Fly out, F8 (Flyball, 8LM, EV 86.3 MPH)
|
Batting: RHB Juan Perez
|
0-0: Ball 1-0: Swinging Strike 1-1: Called Strike Guadalupe Garcia steals 3rd base 1-2: Strikes out swinging
|
Batting: LHB Eric Peyton
|
0-0: Ball 1-0: Ball 2-0: Foul Ball, location: 2F 2-1: Reached via error on a dropped throw from 1B, E1 (Groundball, 13, EV 77.5 MPH) Guadalupe Garcia scores Tony Incaviglia to second
|
Batting: RHB Burt Milley
|
0-0: Ball 1-0: Ball 2-0: Called Strike 2-1: Foul Ball, location: 2F 2-2: Ball 3-2: Fly out, F4 (Line Drive, 4, EV 65.0 MPH)
|
Top of the 3rd over - 1 run, 1 hit, 1 error, 2 left on base; Kinston 3 - Salem 1 |
BOTTOM OF THE 3RD |
Salem Rebels batting - Pitching for Kinston Eagles : RHP Adriano Calhau
|
Batting: LHB Thomas Krupa
|
0-0: Ball 1-0: Called Strike 1-1: Ball 2-1: Ground out 6-3 (Groundball, 6D, EV 102.5 MPH)
|
Batting: RHB Jorge Monroig
|
0-0: Called Strike 0-1: Ball 1-1: Foul Ball, location: 2F 1-2: Foul Ball, location: 2F 1-2: Fly out, F9 (Flyball, 9D, EV 102.5 MPH)
|
Batting: RHB Robert O'Connor
|
0-0: Hit by Pitch
|
Batting: RHB Melvin Williams
|
0-0: Swinging Strike 0-1: Ground out 5-3 (Groundball, 15, EV 81.3 MPH)
|
Bottom of the 3rd over - 0 runs, 0 hits, 0 errors, 1 left on base; Kinston 3 - Salem 1 |
TOP OF THE 4TH |
Kinston Eagles batting - Pitching for Salem Rebels : LHP John Roesch
|
Batting: RHB Rodney Hudson
|
0-0: DOUBLE (Groundball, 5L, EV 107.5 MPH)
|
Batting: LHB Randall Curtis
|
0-0: Ground out 4-3 (Groundball, 4, EV 97.5 MPH) Rodney Hudson to third
|
Batting: SHB Ted Wilborn
|
0-0: Called Strike 0-1: Ground out 3-1 (Groundball, 34, EV 108.8 MPH) Rodney Hudson scores
|
Batting: RHB Guadalupe Garcia
|
0-0: Fly out, F7 (Flyball, 7LS, EV 90.0 MPH)
|
Top of the 4th over - 1 run, 1 hit, 0 errors, 0 left on base; Kinston 4 - Salem 1 |
BOTTOM OF THE 4TH |
Salem Rebels batting - Pitching for Kinston Eagles : RHP Adriano Calhau
|
Batting: SHB Kelvin Hudson
|
0-0: Ball 1-0: Foul Ball, location: 2F 1-1: Called Strike 1-2: Ball 2-2: SINGLE (Line Drive, 8RS, EV 96.9 MPH)
|
Batting: RHB Gary Leslie
|
0-0: Ball 1-0: Ball Passed Ball! Kelvin Hudson to second 2-0: Foul Ball, location: 2F 2-1: Ball 3-1: Base on Balls
|
Batting: RHB Mark Krynitsky
|
0-0: Called Strike 0-1: Ball 1-1: Foul Ball, location: 2F 1-2: Foul Ball, location: 2F 1-2: Strikes out swinging
|
Batting: LHB John Gibbons
|
0-0: Called Strike 0-1: Ball 1-1: Ball 2-1: Called Strike 2-2: SINGLE (Groundball, 3, EV 100.0 MPH) Kelvin Hudson to third Gary Leslie to second Runner from 3rd tries for Home, SAFE, throw by RF to home
|
Batting: RHB Daniel Szajko
|
0-0: Called Strike 0-1: Foul Ball, location: 2F 0-2: Ball 1-2: TRIPLE (Flyball, 89XD, EV 101.3 MPH) Gary Leslie scores John Gibbons scores
|
Batting: LHB Thomas Krupa
|
0-0: Called Strike 0-1: Called Strike 0-2: Fly out, F4 (Popup, 4M, EV 73.1 MPH)
|
Batting: RHB Jorge Monroig
|
0-0: Foul Ball, location: 2F 0-1: Called Strike 0-2: Ground out 5-3 (Groundball, 56S, EV 81.3 MPH)
|
Bottom of the 4th over - 3 runs, 3 hits, 0 errors, 1 left on base; Kinston 4 - Salem 4 |
TOP OF THE 5TH |
Kinston Eagles batting - Pitching for Salem Rebels : LHP John Roesch
|
Batting: RHB Tony Incaviglia
|
0-0: Ball 1-0: Called Strike 1-1: Foul Ball, location: 2F 1-2: Foul Ball, location: 2F 1-2: Ball 2-2: Fly out, F9 (Flyball, 9, EV 86.9 MPH)
|
Batting: RHB Elias Corona
|
0-0: Ball 1-0: Swinging Strike 1-1: Foul Ball, location: 2F 1-2: Ball 2-2: Foul Ball, location: 2F 2-2: Ball 3-2: Ground out 6-3 (Groundball, 6, EV 83.1 MPH)
|
Batting: RHB Juan Perez
|
0-0: Ball 1-0: Ball 2-0: Called Strike 2-1: Fly out, F8 (Flyball, 89D, EV 90.6 MPH)
|
Top of the 5th over - 0 runs, 0 hits, 0 errors, 0 left on base; Kinston 4 - Salem 4 |
BOTTOM OF THE 5TH |
Salem Rebels batting - Pitching for Kinston Eagles : RHP Adriano Calhau
|
Batting: RHB Robert O'Connor
|
0-0: Ball 1-0: Ground out 6-3 (Groundball, 56, EV 89.4 MPH)
|
Batting: RHB Melvin Williams
|
0-0: Called Strike 0-1: Foul Ball, location: 2F 0-2: Strikes out swinging
|
Batting: SHB Kelvin Hudson
|
0-0: Bunt missed! 0-1: Ground out 1-3 (Groundball, 13S, EV 76.3 MPH)
|
Bottom of the 5th over - 0 runs, 0 hits, 0 errors, 0 left on base; Kinston 4 - Salem 4 |
TOP OF THE 6TH |
Kinston Eagles batting - Pitching for Salem Rebels : LHP John Roesch
|
Batting: LHB Eric Peyton
|
0-0: Ground out 4-3 (Groundball, 34D, EV 108.1 MPH)
|
Batting: RHB Burt Milley
|
0-0: Ball 1-0: Called Strike 1-1: Ball 2-1: Foul Ball, location: 2F 2-2: Ball 3-2: Strikes out swinging
|
Batting: RHB Rodney Hudson
|
0-0: Called Strike 0-1: Foul Ball, location: 2F 0-2: Ball 1-2: Ball 2-2: Ball 3-2: Base on Balls
|
Pitching: RHP Paul Randolph
|
|
Batting: LHB Randall Curtis
|
0-0: Called Strike 0-1: Ball 1-1: Ball 2-1: Ball 3-1: SINGLE (Line Drive, 78S, EV 92.5 MPH) Rodney Hudson to second
|
Batting: SHB Ted Wilborn
|
0-0: Swinging Strike 0-1: Ball 1-1: Ball 2-1: Called Strike 2-2: SINGLE (Line Drive, 4MD, EV 100.6 MPH) Rodney Hudson to third Randall Curtis to second Runner from 3rd tries for Home, SAFE, throw by CF to home
|
Batting: RHB Guadalupe Garcia
|
0-0: Ball 1-0: Swinging Strike 1-1: Swinging Strike 1-2: Ball 2-2: Ground out U3 (Groundball, 3L, EV 100.0 MPH)
|
Top of the 6th over - 1 run, 2 hits, 0 errors, 2 left on base; Kinston 5 - Salem 4 |
BOTTOM OF THE 6TH |
Salem Rebels batting - Pitching for Kinston Eagles : RHP Adriano Calhau
|
Batting: RHB Gary Leslie
|
0-0: Swinging Strike 0-1: Ground out 6-3 (Groundball, 6, EV 88.8 MPH)
|
Batting: RHB Mark Krynitsky
|
0-0: Ball 1-0: Ball 2-0: Ball 3-0: Called Strike 3-1: Swinging Strike 3-2: Foul Ball, location: 2F 3-2: Strikes out looking
|
Batting: LHB John Gibbons
|
0-0: Ball 1-0: Ball 2-0: Foul Ball, location: 2F 2-1: Foul Ball, location: 2F 2-2: Ball 3-2: Base on Balls
|
Batting: RHB Daniel Szajko
|
0-0: Ball 1-0: Called Strike 1-1: Ball 2-1: Foul Ball, location: 2F 2-2: Fly out, F1 (Line Drive, P, EV 73.8 MPH)
|
Bottom of the 6th over - 0 runs, 0 hits, 0 errors, 1 left on base; Kinston 5 - Salem 4 |
TOP OF THE 7TH |
Kinston Eagles batting - Pitching for Salem Rebels : RHP Paul Randolph
|
Batting: RHB Tony Incaviglia
|
0-0: Called Strike 0-1: Ball 1-1: Ball 2-1: Foul Ball, location: 2F 2-2: Foul Ball, location: 2F 2-2: Ball 3-2: Ground out 4-3 (Groundball, 4, EV 83.8 MPH)
|
Batting: RHB Elias Corona
|
0-0: Ball 1-0: Called Strike 1-1: Fly out, F7 (Flyball, 7D, EV 104.4 MPH)
|
Batting: RHB Juan Perez
|
0-0: Ball 1-0: Ground out 4-3 (Groundball, 4S, EV 86.9 MPH)
|
Top of the 7th over - 0 runs, 0 hits, 0 errors, 0 left on base; Kinston 5 - Salem 4 |
BOTTOM OF THE 7TH |
Salem Rebels batting - Pitching for Kinston Eagles : RHP Adriano Calhau
|
Batting: LHB Thomas Krupa
|
0-0: Called Strike 0-1: Ball 1-1: Foul Ball, location: 2F 1-2: Fly out, F8 (Flyball, 8RD, EV 100.0 MPH)
|
Batting: RHB Jorge Monroig
|
0-0: Ball 1-0: Called Strike 1-1: Ground out 5-3 (Groundball, 5, EV 90.0 MPH)
|
Batting: RHB Robert O'Connor
|
0-0: Called Strike 0-1: Fly out, F8 (Flyball, 8RD, EV 81.3 MPH)
|
Bottom of the 7th over - 0 runs, 0 hits, 0 errors, 0 left on base; Kinston 5 - Salem 4 |
TOP OF THE 8TH |
Kinston Eagles batting - Pitching for Salem Rebels : RHP Paul Randolph
|
Batting: LHB Eric Peyton
|
0-0: Ball 1-0: Ball 2-0: Swinging Strike 2-1: Ball 3-1: Foul Ball, location: 2F 3-2: Foul Ball, location: 2F 3-2: Foul Ball, location: 2F 3-2: Strikes out looking
|
Batting: RHB Burt Milley
|
0-0: Ball 1-0: Swinging Strike 1-1: Fly out, F8 (Line Drive, 8RM, EV 93.8 MPH)
|
Batting: RHB Rodney Hudson
|
0-0: Called Strike 0-1: Fly out, F9 (Flyball, 9LS, EV 95.0 MPH)
|
Top of the 8th over - 0 runs, 0 hits, 0 errors, 0 left on base; Kinston 5 - Salem 4 |
BOTTOM OF THE 8TH |
Salem Rebels batting - Pitching for Kinston Eagles : RHP Adriano Calhau
|
Batting: RHB Melvin Williams
|
0-0: Ball 1-0: Foul Ball, location: 2F 1-1: SINGLE (Line Drive, 78D, EV 105.0 MPH)
|
Batting: SHB Kelvin Hudson
|
0-0: Ball 1-0: Ball 2-0: Bunted foul 2-1: Bunt missed! 2-2: Fly out, F7 (Flyball, 78S, EV 77.5 MPH)
|
Batting: RHB Gary Leslie
|
0-0: Called Strike 0-1: Ball 1-1: Foul Ball, location: 2F 1-2: Foul Ball, location: 2F 1-2: Ball 2-2: Ball 3-2: Strikes out swinging
|
Pitching: RHP Tommy Alexander
|
|
Batting: RHB Mark Krynitsky
|
0-0: Ball 1-0: Called Strike 1-1: Ball 2-1: Ground out 6-3 (Groundball, 56, EV 108.8 MPH)
|
Bottom of the 8th over - 0 runs, 1 hit, 0 errors, 1 left on base; Kinston 5 - Salem 4 |
TOP OF THE 9TH |
Kinston Eagles batting - Pitching for Salem Rebels : RHP Paul Randolph
|
Pitching: RHP Timothy Justus
|
|
Batting: LHB Randall Curtis
|
0-0: Ball 1-0: Ball 2-0: Fly out, F7 (Line Drive, 7, EV 98.1 MPH)
|
Batting: SHB Ted Wilborn
|
0-0: Foul Ball, location: 2F 0-1: Fly out, F6 (Popup, 6MS, EV 74.4 MPH)
|
Batting: RHB Guadalupe Garcia
|
0-0: Fly out, F8 (Flyball, 78D, EV 101.3 MPH)
|
Top of the 9th over - 0 runs, 0 hits, 0 errors, 0 left on base; Kinston 5 - Salem 4 |
BOTTOM OF THE 9TH |
Salem Rebels batting - Pitching for Kinston Eagles : RHP Tommy Alexander
|
Now at 2B: Francisco Guerra
|
|
Batting: LHB John Gibbons
|
0-0: Foul Ball, location: 2F 0-1: Foul Ball, location: 2F 0-2: Strikes out swinging
|
Batting: RHB Daniel Szajko
|
0-0: Foul Ball, location: 2F 0-1: Swinging Strike 0-2: Ball 1-2: Ground out 6-3 (Groundball, 6, EV 79.4 MPH)
|
Batting: LHB Thomas Krupa
|
0-0: Called Strike 0-1: Foul Ball, location: 2F 0-2: Ground out 4-3 (Groundball, 34S, EV 80.0 MPH)
|
Bottom of the 9th over - 0 runs, 0 hits, 0 errors, 0 left on base; Kinston 5 - Salem 4 |
|